 Dungeon Crawl Stone Soup version 0.27.0-1-g7a089689b8 (webtiles) character file.

Game seed: 13128184948937994709

354 nicksoapdish the Chopper (level 6, -6/46 HPs)
             Began as a Djinni Gladiator on Aug 4, 2021.
             Mangled by an ogre (7 damage)
             ... on level 4 of the Dungeon.
             The game lasted 00:07:34 (3767 turns).

nicksoapdish the Chopper (Djinni Gladiator)         Turns: 3767, Time: 00:07:34

Health: -6/46      AC:  4    Str: 15    XL:     6   Next: 94%
Gold:   179        EV: 13    Int: 10    God:
                   SH:  0    Dex: 14

rFire    + + .     SeeInvis .   a - +0 war axe
rCold    x . .     Faith    .   (no shield)
rNeg     . . .     Spirit   .   b - +0 leather armour
rPois    ∞         Reflect  .   c - +0 helmet
rElec    .         Harm     .   (no cloak)
rCorr    .         Rampage  .   (no gloves)
Will     .....                  (boots unavailable)
Stlth    +.........             (no amulet)
HPRegen  0.15/turn              (no ring)
MPRegen  0.00/turn              (no ring)

@: flying
A: sickness immunity, fire resistance 2, cold vulnerability 1, float, innate
caster, hp casting, extra vitality 1
a: no special abilities


You were on level 4 of the Dungeon.
You visited 1 branch of the dungeon, and saw 4 of its levels.

You collected 179 gold pieces.

Inventory:

Hand Weapons
 a - a +0 war axe (weapon)
Missiles
 i - 19 poisoned darts (quivered)
Armour
 b - a +0 leather armour (worn)
 c - a +0 helmet (worn)
Scrolls
 f - a scroll of brand weapon {unknown}
 h - a scroll of fear {unknown}
 j - a scroll of teleportation {unknown}
 k - a scroll of summoning {unknown}
 l - a scroll of enchant weapon {unknown}
Potions
 e - 3 potions of curing
 g - a potion of might
 n - a potion of lignification {unknown}
 o - a potion of brilliance {unknown}


   Skills:
 * Level 3.6 Fighting
 * Level 4.6 Axes
 - Level 1.5 Throwing
 + Level 2.1 Armour
 + Level 3.8 Dodging
 + Level 0.5 Stealth


You had 2 spell levels left.
You knew the following spells:

 Your Spells              Type           Power      Damage    Failure   Level
a - Apportation           Tloc           0%         N/A       43%         1
b - Passwall              Tmut/Erth      0%         N/A       56%         2
Your spell library was empty.

Dungeon Overview and Level Annotations

Branches:
Dungeon (4/15)
 Temple: D:4-7

Altars:
Elyvilon


Innate Abilities, Weirdness & Mutations

You are immune to sickness and miasma.
You are immune to poison.
Your flesh is very heat resistant. (rF++)
You are vulnerable to cold. (rC-)
You float through the air rather than walking.
You learn spells naturally, not from books.
Your magical power is your life essence.
You have superior vitality. (+4 HP)


Message History

The centaur skeleton kicks you but does no damage.
Unknown command.
You hit the centaur skeleton.
The centaur skeleton is heavily damaged.
The centaur skeleton hits you but does no damage.
The centaur skeleton kicks you. The centaur skeleton hits you.
The centaur skeleton closely misses you.
You slash the centaur skeleton!
The centaur skeleton is almost destroyed.
The centaur skeleton hits you. The centaur skeleton kicks you.
You slash the centaur skeleton!
You destroy the centaur skeleton!
An adder comes into view.
The adder hisses angrily.
The adder moves out of view.
An ogre comes into view. It is wielding a +0 giant club.
The orc shouts!
You hear a shout! x2
The adder completely misses you.
You closely miss the adder.
The ogre shouts!
The adder bites you but does no damage. The adder bites you.
You miss the adder. The adder closely misses you.
A quokka comes into view.
You hit the adder but do no damage. The adder bites you.
The adder closely misses you. The adder bites you. The adder misses you.
You barely miss the adder. The adder bites you.
You completely miss the adder. The adder bites you. x2
You closely miss the adder. The adder barely misses you.
The adder bites you but does no damage.
You barely miss the adder. The adder bites you but does no damage.
You slash the adder!
You kill the adder!
The ogre hits you with a +0 giant club!!
* * * LOW HITPOINT WARNING * * *
You slash the ogre!
The ogre is moderately wounded.
The ogre hits you with a +0 giant club!
You die...

........##.#.##..##
.....#.......#.###
.....##......##..##
.##..#........###.#
.............##..##
...##........#.### .#
..##.).......##..##.###
###..........)###.#...##
###.....>....##O@##....##
.............#.###.......
...........####..#....r.#
.#..........###.O..r..#
###..........###.....##
.##...##...............#
####.........#.....P.....
# #..........#....≈≈≈≈≈≈≈
###.##.......#....≈≈≈≈≈≈≈


You could see an ogre.

Vanquished Creatures
  A steam dragon (D:4)
  A howler monkey (D:3)
  A centaur skeleton (D:4)
  An orc wizard (D:4)
  7 adders
  A dart slug (D:3)
  4 orcs
  7 bats
  6 endoplasms
  A giant cockroach (D:2)
  5 goblins
  11 hobgoblins
  2 jackals
  4 quokkas (D:2)
  7 ball pythons
  A frilled lizard (D:3)
  8 kobolds
  3 rats
71 creatures vanquished.

Vanquished Creatures (others)
  A kobold (D:4)
1 creature vanquished.

Grand Total: 72 creatures vanquished

Notes
Turn   | Place    | Note
-------+----------+-------------------------------------------
     0 | D:1      | nicksoapdish the Djinni Gladiator began the quest for the
                  | Orb.
     0 | D:1      | Reached XP level 1. HP: 18/18 MP: 0/0
   133 | D:1      | Reached XP level 2. HP: 23/23 MP: 0/0
   884 | D:2      | Reached skill level 3 in Axes
  1109 | D:2      | Reached XP level 3. HP: 25/28 MP: 0/0
  1109 | D:2      | Learned a level 1 spell: Apportation
  1200 | D:2      | Found a white marble altar of Elyvilon.
  1554 | D:2      | Reached XP level 4. HP: 25/34 MP: 0/0
  1869 | D:2      | Found a faded altar of an unknown god.
  2304 | D:3      | Reached skill level 1 in Armour
  2304 | D:3      | Reached XP level 5. HP: 40/40 MP: 0/0
  2304 | D:3      | Learned a level 2 spell: Passwall
  3018 | D:4      | Noticed a steam dragon
  3046 | D:4      | Killed a steam dragon
  3047 | D:4      | Reached skill level 4 in Axes
  3047 | D:4      | Reached XP level 6. HP: 5/46 MP: 0/0
  3752 | D:4      | Noticed an ogre
  3766 | D:4      | HP: 1/46 [ogre (21)]
  3767 | D:4      | Mangled by an ogre

Illustrated notes

Levels and vault maps discovered:
D:1:      wander_arrival_fairy_ring, layout_loops_ring
D:2:      layout_rooms, basic_altar,
          dreamdust_ecumenical_altar_angels_and_demons, nrook_loot_triangle,
          minmay_pentomino_x2
D:3:      kennysheep_six_static_rooms, layout_rooms
D:4:      lemuel_castle_with_subvaults [lemuel_castle_interior_carwin_3],
          layout_cave_pools, kennysheep_crisscross, grunt_decor_resistance

Skill      XL: |  1  2  3  4  5  6 |
---------------+-------------------+-----
Axes           | 3 4 |  4.6
Armour         | 1 2 |  2.1
Fighting       | 3 |  3.6
Throwing       | |  1.5
Dodging        | |  3.8
Stealth        | |  0.5

Action                   |  1- 3 |  4- 6 || total
-------------------------+-------+-------++-------
Melee: War axe           |    74 |   149 ||   223
Throw: Throwing net      |     1 |     3 ||     4
  Use: Scroll            |       |     3 ||     3
       Potion            |       |     1 ||     1
 Stab: Sleeping          |     1 |       ||     1
       Held in net/web   |     2 |       ||     2
Armor: Leather armour    |    21 |    59 ||    80
Dodge: Dodged            |    53 |   108 ||   161
